Map: Year Zero LE

Players

liquidthermy (uThermal)

  • Race: Terran Terran
  • Spawn Location: 1:00

Rail - Winner!

  • Race: Protoss Protoss
  • League: Grandmaster
  • Spawn Location: 11:00

Event: 2019 WCS Winter Europe

VOD

Have the link to the VOD?

Description

Time

  • Played on: Jan. 31, 2019, 11:58 a.m.
  • Length: 20:34

All games in this series

Show
View Real Time Build Order
Export as new Build Order

liquidthermy Terran 

Build Orders: Reaper Expand 

Get SALT Encoding   

  12  0:01  SCV  
  13  0:14  SCV  
  14  0:17  Supply Depot  
  14  0:26  SCV  
  15  0:39  SCV  
  15  0:41  Barracks  
  16  0:45  Refinery  
  16  0:51  SCV  
  17  1:03  SCV  
  18  1:15  SCV  
  19  1:28  Reaper, Orbital Command  
  20  1:42  Command Center  
  20  1:53  SCV, Supply Depot  
  21  1:59  Marine  
  22  2:06  SCV  
  23  2:10  Factory  
  23  2:18  SCV  
  23  2:21  Barracks Reactor  
  23  2:22  Refinery  
  24  2:30  SCV  
  25  2:42  SCV  
  26  2:54  SCV, Orbital Command  
  26  2:55  Starport  
  27  2:59  Widow Mine  
  27  3:00  Marine x2  
  31  3:06  SCV  
  32  3:18  SCV, Marine x2  
  32  3:19  SCV  
  36  3:22  Widow Mine  
  36  3:25  Supply Depot  
  38  3:30  SCV  
  38  3:31  SCV, Medivac  
  42  3:35  Marine  
  42  3:36  Marine  
  44  3:42  SCV  
  44  3:46  SCV  
  44  3:47  Supply Depot, Widow Mine  
  48  3:53  Barracks  
  48  3:56  SCV  
  48  3:57  Barracks  
  48  3:58  Marine  
  48  4:01  Marine  
  51  4:03  SCV  
  51  4:08  SCV  
  51  4:09  Starport Tech Lab, Factory Tech Lab  
  53  4:15  Engineering Bay  
  53  4:16  SCV  
  54  4:20  Marine, Refinery  
  54  4:21  Marine  
  56  4:27  SCV, Supply Depot  
  56  4:28  SCV  
  58  4:37  Factory Reactor  
  58  4:38  Starport Reactor  
  57  4:39  SCV  
  57  4:40  SCV  
  57  4:41  Marine x2  
  57  4:43  Terran Infantry Weapons Level 1  
  61  4:47  Stimpack  
  61  4:51  SCV, Marine x2  
  64  4:53  SCV  
  64  4:58  Combat Shield  
  64  4:59  Supply Depot  
  65  5:01  Marine  
  65  5:03  SCV  
  65  5:05  SCV  
  67  5:09  Marine  
  67  5:11  Marauder  
  70  5:14  Refinery  
  70  5:16  Supply Depot  
  70  5:21  SCV, Widow Mine x2, Marauder  
  77  5:22  Marine  
  77  5:27  Supply Depot  
  78  5:28  Missile Turret  
  78  5:34  Medivac  
  78  5:37  Medivac  
  78  5:41  Missile Turret  
  81  5:43  Widow Mine x2  
  81  5:44  Marine  
  82  5:51  Supply Depot  
  82  5:52  Marauder  
  82  5:53  Marine  
  82  5:55  Marine  
  86  5:59  Supply Depot  
  86  6:03  SCV  
  87  6:04  Widow Mine  
  87  6:05  Widow Mine  
  87  6:08  Marine  
  90  6:12  Marine  
  90  6:13  Marauder, Medivac  
  90  6:15  SCV  
  90  6:17  Medivac, Concussive Shells, Marine  
  99  6:26  Marine  
  99  6:27  Widow Mine  
  99  6:30  Marine, Widow Mine  
  105  6:35  Marine  
  105  6:36  Marauder, Supply Depot  
  105  6:37  Terran Infantry Armor Level 1  
  108  6:46  Supply Depot  
  108  6:50  Marine  
  109  6:58  Marauder  
  111  7:01  Marine  
  111  7:02  Supply Depot  
  111  7:07  Marine, Widow Mine x2  
  111  7:08  Command Center  
  113  7:17  Marine  
  113  7:18  Barracks  
  113  7:20  Marine  
  113  7:21  Barracks  
  115  7:24  SCV x2  
  115  7:26  Liberator  
  117  7:33  Widow Mine x2  
  117  7:34  Marine  
  117  7:35  Marauder  
  117  7:36  SCV  
  124  7:37  Liberator  
  117  7:58  SCV, Widow Mine  
  114  8:00  Marine  
  114  8:01  Marauder  
  114  8:02  Marauder, Marine  
  114  8:05  SCV  
  122  8:07  Barracks Tech Lab x2  
  122  8:09  Liberator  
  122  8:12  SCV  
  123  8:18  SCV, Marine  
  125  8:20  Orbital Command, Liberator  
  128  8:30  SCV x2  
  128  8:32  Marine  
  131  8:34  Marine  
  131  8:35  Marine  
  131  8:36  Marine  
  131  8:37  Marine  
  138  8:42  SCV  
  138  8:43  Supply Depot  
  138  8:46  Marauder  
  141  8:50  Marine  
  141  8:51  SCV, Supply Depot  
  141  8:52  Widow Mine  
  141  8:53  Liberator, Widow Mine  
  141  8:55  Marine x2  
  149  9:03  Missile Turret, Liberator  
  149  9:04  Marine x2  
  149  9:07  Marauder  
  152  9:13  Marine, Supply Depot  
  152  9:14  Marine, Supply Depot  
  152  9:16  Widow Mine  
  159  9:18  Widow Mine  
  164  9:27  Marine  
  165  9:34  Marine  
  165  9:35  Marauder, Ghost Academy  
  165  9:38  Command Center, Liberator  
  168  9:39  Marine  
  168  9:40  Marauder  
  168  9:41  Marine  
  172  9:45  Liberator  
  172  9:46  Marauder  
  172  9:52  Marine  
  175  9:56  Marauder  
  182  10:08  Marine  
  182  10:09  Marauder  
  185  10:14  Marine  
  185  10:15  Marauder  
  185  10:19  Supply Depot  
  185  10:20  Marine  
  189  10:40  Marine x2  
  189  10:41  Marauder x3  
  197  10:49  Liberator  
  199  10:50  Marauder  
  199  10:51  Liberator  
  199  10:52  Planetary Fortress  
  199  11:08  Marine  
  199  11:09  Marauder, Marine  
  180  11:21  Marine  
  180  11:22  Marauder  
  181  11:30  Marine  
  181  11:31  Marauder  
  181  11:32  Liberator  
  174  11:33  Marauder, Marine  
  174  11:34  Liberator  
  174  11:39  Marine  
  159  11:42  Widow Mine  
  159  11:43  Marauder  
  152  11:48  Marine  
  152  11:51  Marine  
  152  11:52  Marauder  
  154  11:55  Marauder  
  154  11:57  Marine  
  132  12:05  Marauder  
  132  12:06  Marine  
  111  12:08  Marine  
  111  12:14  Marauder  
  112  12:15  Marauder  
  112  12:16  Widow Mine, Marine  
  115  12:23  SCV, Barracks  
  115  12:24  Barracks, Marine  
  115  12:25  Engineering Bay, Barracks  
  115  12:26  Armory, Marine  
  115  12:29  Widow Mine  
  116  12:30  SCV  
  116  12:33  Medivac  
  116  12:34  Medivac  
  116  12:36  Marine  
  120  12:37  Ghost x3  
  120  12:39  SCV  
  120  12:41  Missile Turret, Marine  
  120  12:42  Sensor Tower  
  120  12:43  SCV  
  127  12:44  Command Center  
  127  12:47  Marine  
  128  12:53  Widow Mine x2  
  128  12:54  SCV  
  128  12:55  Marauder  
  135  13:06  Marauder  
  135  13:09  Marine x2  
  135  13:10  Marauder x2  
  135  13:12  Barracks Tech Lab x3  
  143  13:15  Missile Turret  
  143  13:17  Terran Infantry Weapons Level 2  
  143  13:18  Terran Infantry Armor Level 2, Missile Turret  
  143  13:21  Liberator  
  143  13:22  Marine  
  144  13:27  Marine x2  
  144  13:28  Marauder  
  144  13:30  Marine x2  
  144  13:31  Marauder x2, Marine  
  155  13:36  Supply Depot  
  158  13:44  Marine  
  158  13:45  Marine  
  158  13:47  Marine  
  161  13:49  Marauder x3  
  161  13:50  Marine  
  161  13:52  Marauder  
  170  14:00  Marine  
  170  14:02  Marauder  
  176  14:09  Marine  
  179  14:10  Marauder  
  179  14:11  Marauder, Marine  
  179  14:15  Marine  
  179  14:16  Marauder x2  
  179  14:18  Marine  
  179  14:23  Marine  
  179  14:24  SCV  
  179  14:26  Refinery x2  
  179  14:27  Medivac x2, Marine  
  179  14:29  Marine  
  180  14:31  SCV, Marauder  
  180  14:36  Marine  
  180  14:37  Marauder x3, Marine  
  185  14:41  Marine  
  185  14:42  Terran Vehicle And Ship Armor Level 1  
  186  14:46  Refinery x2  
  186  14:48  Marine x2  
  190  14:52  Marauder  
  190  14:54  Marine  
  190  14:55  Marauder  
  190  14:58  Marauder, Marine  
  190  14:59  Marauder, SCV  
  199  15:03  Marine  
  190  15:17  Liberator x2  
  190  15:20  Marine  
  190  15:21  Marauder  
  168  15:27  Marine  
  168  15:28  Marauder  
  133  15:29  Marauder x2, Marine x2  
  133  15:31  Marine  
  133  15:34  Planetary Fortress  
  122  15:36  SCV x2  
  122  15:37  Widow Mine  
  122  15:38  Marine  
  122  15:40  SCV, Widow Mine  
  122  15:41  SCV  
  122  15:42  Marauder  
  133  15:45  Marine  
  133  15:47  Marauder, Marine  
  133  15:48  SCV, Missile Turret, Marine  
  139  15:54  Marauder, Marine  
  139  15:56  Marine  
  143  15:58  Marine  
  143  16:01  Widow Mine  
  143  16:03  Marauder  
  146  16:07  Widow Mine  
  129  16:16  Marauder, Marine x3  
  129  16:17  Marauder x2, Marine x2  
  128  16:24  Marine  
  127  16:33  Medivac x2  
  127  16:34  Marine x2  
  127  16:35  Marauder x2, Marine  
  127  16:37  Marine  
  127  16:38  Marine x2  
  141  16:42  Marine  
  142  16:51  Marine  
  142  16:52  Marine  
  142  16:53  Marauder  
  144  16:55  Ghost, Marine  
  144  16:56  Marauder, Marine x2  
  144  16:59  Terran Infantry Weapons Level 3  
  144  17:00  Marine  
  145  17:12  Marine  
  145  17:13  Marauder, Marine  
  145  17:14  Marauder x2  
  149  17:20  Marine  
  149  17:21  Marauder  
  152  17:24  Marine x2  
  152  17:30  Marine  
  152  17:32  Marine  
  152  17:35  Marauder x2  
  152  17:36  Marauder  
  154  17:39  Orbital Command  
  154  17:41  Marine  
  154  17:42  Marauder, Marine  
  154  17:43  Marauder  
  134  17:47  Marine  
  134  17:49  Marine  
  106  17:56  Marauder, Marine  
  106  17:57  Marine  
  96  17:59  SCV, Marine  
  96  18:03  SCV  
  96  18:05  Marine  
  100  18:10  Marine x2  
  100  18:14  Marine x2  
  100  18:15  Marine  
  100  18:18  SCV  
  100  18:19  Marine  
  104  18:22  SCV  
  104  18:24  SCV  
  104  18:25  SCV  
  108  18:29  SCV  
  108  18:30  Medivac  
  111  18:35  Medivac  
  111  18:37  SCV  
  111  18:41  Marauder, Marine x2  
  106  18:42  Marauder  
  106  18:45  SCV x2  
  106  18:46  SCV  
  106  18:47  Marine  
  106  18:48  Marine  
  116  18:51  Marauder  
  116  18:52  Marine  
  119  18:56  Liberator  
  119  18:58  Marine  
  119  18:59  Marine  
  119  19:01  Marine  
  121  19:03  Marauder x2  
  121  19:05  Marine  
  121  19:06  Marine  
  127  19:10  Marine  
  127  19:12  Marauder  
  127  19:15  Marine  
  127  19:17  Marine  
  134  19:19  Marine  
  134  19:23  Marine x2  
  134  19:24  Marine x2  
  136  19:28  Marauder  
  136  19:29  Sensor Tower  
  140  19:33  Marine  
  140  19:34  Marauder, Marine  
  140  19:37  Marine  
  144  19:40  Marine  
  126  19:46  Marine  
  126  19:47  Marauder  
  126  19:48  Marauder  
  126  19:49  Marine  
  126  19:51  Marine  
  93  19:54  Marine  
  93  19:55  Marauder  
  93  19:57  Marine  
  69  20:02  Marine  
  69  20:06  Marine  
  48  20:11  Marine  
  48  20:16  SCV  
  48  20:20  SCV  
Show
View Real Time Build Order
Export as new Build Order

Rail Protoss - Winner!

Build Orders: 1 Gate Expand, Phoenix Opening, Colossus Rush 

Get SALT Encoding   

  12  0:00  Probe  
  13  0:13  Probe  
  14  0:19  Pylon  
  14  0:25  Probe  
  15  0:33  Probe  
  15  0:40  Gateway  
  15  0:41  Probe  
  16  0:47  Assimilator  
  17  0:52  Probe  
  18  1:04  Probe  
  19  1:16  Probe  
  20  1:24  Nexus  
  20  1:33  Cybernetics Core  
  20  1:36  Probe  
  21  1:41  Assimilator  
  21  1:48  Probe  
  21  1:51  Pylon  
  22  1:59  Stalker  
  22  2:01  Probe  
  23  2:10  Warp Gate  
  23  2:13  Probe  
  26  2:24  Pylon  
  26  2:25  Probe  
  26  2:29  Adept  
  29  2:35  Probe  
  30  2:38  Probe  
  30  2:43  Stargate  
  30  2:44  Probe  
  31  2:47  Probe  
  33  2:54  Probe  
  33  2:56  Probe  
  34  2:59  Stalker  
  37  3:06  Probe  
  37  3:10  Probe  
  39  3:18  Probe  
  39  3:19  Phoenix  
  40  3:21  Gateway  
  40  3:25  Gateway  
  40  3:29  Probe  
  40  3:31  Probe  
  44  3:38  Phoenix  
  44  3:40  Pylon  
  44  3:41  Probe  
  47  3:50  Probe  
  47  3:52  Robotics Facility  
  48  3:56  Phoenix  
  48  3:58  Assimilator  
  48  4:03  Zealot  
  48  4:05  Probe  
  48  4:07  Probe  
  54  4:13  Phoenix, Pylon  
  54  4:17  Probe  
  54  4:21  Probe  
  58  4:27  Pylon  
  58  4:29  Assimilator, Probe  
  59  4:31  Zealot  
  59  4:35  Probe  
  62  4:38  Phoenix  
  62  4:41  Observer  
  62  4:44  Pylon  
  65  4:53  Sentry  
  65  4:57  Nexus  
  67  5:06  Immortal  
  67  5:14  Zealot, Robotics Bay  
  69  5:18  Zealot  
  75  5:22  Pylon  
  75  5:25  Phoenix  
  77  5:29  Pylon  
  73  5:39  Probe  
  74  5:43  Pylon  
  74  5:44  Colossus  
  74  5:52  Probe  
  74  5:53  Gateway  
  74  5:54  Phoenix, Probe  
  78  6:04  Probe  
  85  6:06  Zealot  
  85  6:07  Zealot  
  89  6:14  Extended Thermal Lance, Phoenix  
  89  6:17  Stalker  
  91  6:19  Probe x2  
  95  6:26  Probe  
  95  6:31  Probe x2  
  98  6:32  Pylon  
  98  6:33  Colossus  
  94  6:45  Zealot x2  
  104  6:51  Stalker  
  104  6:52  Probe  
  107  6:54  Probe  
  107  6:55  Probe  
  107  6:57  Phoenix  
  107  6:59  Pylon  
  111  7:08  Probe  
  110  7:09  Probe x2  
  110  7:14  Phoenix  
  110  7:16  Pylon  
  110  7:18  Observer  
  112  7:22  Immortal  
  112  7:26  Probe  
  112  7:27  Gateway  
  112  7:29  Gateway  
  117  7:30  Stalker, Sentry  
  117  7:32  Adept  
  123  7:44  Probe  
  120  7:58  Phoenix  
  117  8:00  Immortal  
  118  8:06  Assimilator x2  
  118  8:07  Forge  
  118  8:09  Sentry, Forge  
  118  8:10  Stalker, Zealot  
  118  8:11  Twilight Council  
  124  8:14  Protoss Ground Weapons Level 1, Protoss Ground Armor Level 1  
  124  8:22  Zealot  
  124  8:25  Shield Battery  
  126  8:28  Zealot x2  
  126  8:30  Disruptor  
  126  8:34  Pylon  
  130  8:35  Pylon  
  130  8:39  Blink  
  133  8:46  Pylon  
  133  8:49  Photon Cannon  
  133  8:55  Stalker, Sentry, Gateway  
  137  8:56  Gateway  
  137  9:10  Warp Prism  
  137  9:13  Stalker x2, Sentry  
  137  9:14  Stalker  
  147  9:22  Stalker x2, Observer  
  153  9:38  Pylon  
  153  9:40  Stalker x4  
  159  9:46  Pylon  
  159  9:49  Stalker  
  159  9:50  Stalker x2  
  165  10:00  Stalker  
  165  10:02  Protoss Ground Weapons Level 2  
  165  10:04  Protoss Ground Armor Level 2  
  165  10:05  Pylon  
  167  10:11  Stalker x4  
  175  10:25  Pylon  
  175  10:28  Pylon  
  174  10:36  Charge  
  174  10:39  Nexus  
  174  10:41  Pylon  
  174  10:44  Pylon  
  174  10:49  Pylon  
  174  10:58  Stalker x3  
  174  11:01  Stalker x3  
  174  11:03  Stalker  
  174  11:17  Immortal  
  153  11:30  Stalker x3  
  153  11:31  Zealot x4  
  131  11:53  Stalker, Zealot x3  
  131  11:54  Zealot x3  
  102  12:05  Colossus, Protoss Ground Weapons Level 3  
  94  12:13  Protoss Ground Armor Level 3  
  92  12:16  Stalker, Sentry  
  92  12:17  Stalker x3  
  92  12:18  Stalker  
  92  12:20  Sentry  
  106  12:26  Nexus  
  100  12:30  Pylon  
  98  12:47  Sentry  
  98  12:48  Stalker  
  102  12:55  Colossus  
  102  12:56  Stalker  
  104  13:03  Stalker x2, Sentry  
  116  13:09  Stalker  
  118  13:13  Stalker  
  120  13:31  Stalker x3  
  120  13:33  Stalker  
  120  13:34  Stalker  
  130  13:35  Stalker  
  130  13:38  Stalker  
  134  13:48  Disruptor  
  134  13:51  Probe x2  
  139  13:57  Stalker, Zealot x2  
  139  14:01  Stalker  
  139  14:20  Stalker x3  
  141  14:26  Stalker x2  
  141  14:27  Stalker, Probe  
  144  14:33  Probe x2  
  144  14:35  Disruptor  
  144  14:37  Stalker  
  151  14:42  Probe  
  151  14:43  Probe  
  153  14:49  Stalker  
  153  14:50  Stalker  
  158  14:57  Stalker  
  158  14:58  Stalker  
  161  15:02  Stalker  
  161  15:05  Stalker  
  137  15:24  Immortal  
  109  15:35  Stalker x3, Sentry x2  
  109  15:36  Sentry x2  
  115  15:53  Stalker x2, Sentry  
  115  15:54  Stalker  
  123  16:00  Stalker x2  
  123  16:01  Stalker  
  123  16:03  Observer, Disruptor  
  111  16:17  Stalker x3, Sentry  
  111  16:18  Stalker  
  115  16:23  Stalker, Sentry  
  119  16:34  Stalker, Sentry  
  119  16:35  Stalker  
  119  16:38  Disruptor  
  128  16:41  Stalker, Zealot  
  132  16:49  Stalker, Zealot  
  136  16:54  Stalker  
  136  17:11  Stalker x3  
  136  17:12  Stalker x2, Zealot  
  148  17:19  Stalker  
  150  17:27  Immortal  
  148  17:40  Stalker, Zealot x4  
  148  17:41  Zealot  
  104  17:58  Sentry  
  96  18:01  Stalker x2  
  96  18:02  Stalker  
  96  18:05  Zealot  
  104  18:06  Zealot, Immortal  
  110  18:18  Sentry  
  112  18:20  Zealot  
  112  18:23  Sentry  
  112  18:24  Assimilator x2  
  112  18:25  Zealot  
  112  18:26  Zealot  
  120  18:30  Zealot  
  122  18:34  Stalker  
  124  18:42  Stalker, Zealot  
  128  18:49  Stalker, Zealot  
  128  18:52  Stalker  
  134  19:01  Stalker, Zealot  
  136  19:04  Stalker  
  136  19:07  Zealot  
  140  19:14  Stalker, Zealot  
  144  19:18  Stalker  
  146  19:25  Stalker, Zealot  
  148  19:31  Stalker  
  148  19:36  Stalker  
  148  19:49  Stalker, Zealot x3  
  90  20:07  Stalker x2, Sentry  
Tags
 
Add a new tag
Caveats
  • Supply blocks, unpowered buildings, or Contaminate may cause inaccurate times.
  • Supply counts are checked every 10 seconds.